 Dungeon Crawl Stone Soup version 0.30-a0-219-gf2db51d15e (webtiles) character file.

Game seed: 9563754722724505867

10 Decritt the Vexing (level 2, -1/16 HPs)
             Began as a Kobold Hexslinger on Oct 7, 2022.
             Slain by an iguana (13 damage)
             ... on level 2 of the Dungeon.
             The game lasted 00:02:08 (1104 turns).

Decritt the Vexing (Kobold Hexslinger)              Turns: 1104, Time: 00:02:08

Health: -1/16      AC:  2    Str:  7    XL:     2   Next: 30%
Magic:  0/3        EV: 15    Int: 14    God:
Gold:   40         SH:  0    Dex: 15    Spells: 2/3 levels left

rFire   . . .      SeeInvis .    a - +1 sling
rCold   . . .      Faith    .    (no shield)
rNeg    . . .      Spirit   .    c - +0 robe
rPois   .          Reflect  .    (no helmet)
rElec   .          Harm     .    (no cloak)
rCorr   .          Rampage  .    (no gloves)
Will    .....                    (no boots)
Stlth   +++.......               (no amulet)
HPRegen 0.22/turn                (no ring)
MPRegen 0.08/turn                (no ring)

@: no status effects
A: small, no large weapons, nightstalker 3
a: no special abilities


You were on level 2 of the Dungeon.
You visited 1 branch of the dungeon, and saw 2 of its levels.

You collected 40 gold pieces.

Inventory:

Hand Weapons
 a - a +1 sling (weapon)
Armour
 c - a +0 robe (worn)
Scrolls
 b - 2 scrolls of poison
 d - 3 scrolls of identify {unknown}
 g - a scroll of silence {unknown}
Potions
 f - a potion of ambrosia {unknown}


   Skills:
 + Level 1.3 Fighting
 + Level 2.9 Ranged Weapons
 + Level 2.7 Dodging
 + Level 1.0 Stealth
 + Level 1.2 Spellcasting
 + Level 3.1 Hexes


You had 2 spell levels left.
You knew the following spells:

 Your Spells              Type           Power      Damage    Failure   Level
a - Slow                  Hex            36%        N/A       7%          1

Your spell library contained the following spells:

 Spells                   Type           Power      Damage    Failure   Level
 Inner Flame              Hex/Fire       5%         N/A       38%         3
 Portal Projectile        Hex/Tloc       10%        N/A       38%         3
 Cause Fear               Hex            4%         N/A       56%         4


Dungeon Overview and Level Annotations

Branches:
Dungeon (2/15)

Altars:


Innate Abilities, Weirdness & Mutations

You are small and have problems with some larger weapons.
You are completely attuned to the shadows.


Message History

You start resting.
Magic restored.
You start resting.
You flicker back into view.
You start resting.
HP restored.
d - 3 scrolls labelled VYSESS WAMOEDD (gained 1)
The iguana hisses angrily.
Casting: Slow (safe; 7% risk of failure)
Confirm with . or Enter, or press ? or * to list all spells.
Aiming: Slow (safe; 7% risk of failure)
Press: ? - help, Shift-Dir - straight line, f/p - iguana
Aim: an iguana (moderately wounded, chance to affect: 55%)
The iguana seems to slow down.
You shoot a sling bullet.
The sling bullet hits the iguana but does no damage.
The iguana is moderately wounded.
The iguana closely misses you.
You shoot a sling bullet.
The sling bullet barely misses the iguana.
The iguana bites you!
Ouch! That really hurt!
* * * LOW HITPOINT WARNING * * *
The iguana bites you but does no damage.
No target in view!
No target in view!
Aiming: Slow (safe; 7% risk of failure)
Press: ? - help, Q - select action, (/) - cycle Shift-Dir - straight line, f/p - iguana
Aim: an iguana (moderately wounded, chance to affect: 55%)
The iguana resists with significant effort.
Aiming: Slow (safe; 7% risk of failure)
Press: ? - help, Q - select action, (/) - cycle Shift-Dir - straight line, f/p - iguana
Aim: an iguana (moderately wounded, chance to affect: 55%)
The iguana resists with significant effort.
Aiming: Slow (safe; 7% risk of failure)
Press: ? - help, Q - select action, (/) - cycle Shift-Dir - straight line, f/p - iguana
Aim: an iguana (moderately wounded, chance to affect: 55%)
The iguana resists with significant effort.
The iguana attacks as you move away! The iguana bites you!
Ouch! That really hurt!
You die...

###......l...##l....
#####.####.#######.#..
......# #.# #..##
#.###(.####.# #..##
............## #...#
.)...........# ##..#
..............# ##..
.......l......# #..
......@.......# ##.
....<......... ##
.........รท...
............
........... .........


You could see an iguana.

Vanquished Creatures
  3 ball pythons (D:1)
  2 goblins (D:1)
  3 bats
  A frilled lizard (D:1)
  2 kobolds (D:1)
  2 rats (D:1)
13 creatures vanquished.

Vanquished Creatures (others)
  A plant (D:2)
1 creature vanquished.

Grand Total: 14 creatures vanquished

Notes
Turn   | Place    | Note
-------+----------+-------------------------------------------
     0 | D:1      | Decritt the Kobold Hexslinger began the quest for the Orb.
     0 | D:1      | Reached XP level 1. HP: 12/12 MP: 2/2
   429 | D:1      | Reached XP level 2. HP: 16/16 MP: 3/3
   728 | D:1      | Reached skill level 1 in Stealth
  1104 | D:2      | Slain by an iguana

Illustrated notes

Levels and vault maps discovered:
D:1:      tarquinn_simple_flora_water_e, layout_loops_corners,
          serial_park_tiny_2
D:2:      layout_rooms, shapermc_ecumenical_altar_mp_ritualfount,
          item_on_display_a

Skill      XL: |  1  2 |
---------------+-------+-----
Stealth        | 1 |  1.0
Fighting       | |  1.3
Ranged Weapons | |  2.9
Dodging        | |  2.7
Spellcasting   | |  1.2
Hexes          | |  3.1

Action                   || total
-------------------------++-------
 Fire: Sling             ||    30
 Cast: Slow              ||     7
  Use: Potion            ||     1
Armor: Robe              ||     1
Dodge: Dodged            ||    27

Table legend: (Time is in decaauts)
 A = Elapsed time spent in this place.
 B = Non-inter-level travel time spent in this place.
 C = Inter-level travel time spent in this place.
 D = Time resting spent in this place.
 E = Time spent auto-exploring this place.
 F = Levels seen in this place.
 G = Mean time per level.
                   A        B        C        D        E       F      G
               +--------+--------+--------+--------+--------+-----+--------+
         Total |   1111 |   1102 |      9 |     46 |    928 |   2 |  555.5 |
       Dungeon |   1111 |   1102 |      9 |     46 |    928 |   2 |  555.5 |
               +--------+--------+--------+--------+--------+-----+--------+

Top non-repeatable levels by time:
     D:1: 893 daAuts
     D:2: 218 daAuts
